cohdb
Replays
Latest Replays
All Replays
Popular Replays
Top Player Replays
Match Explorer
How It Works
Community
CoH3 Stats
Reddit
Sign in to upload your games and track your stats! →
Sign in with Steam
Match 41535422
Unlisted
Match 41535422
Overview
Messages
Build Orders
End
Kettenkrad Recon Vehicle
Construct Infanterie Kompanie
Selects Terror Battlegroup
MG 42 Machine Gun Team
Grenadier Squad
Grenadier Squad
Infanterie Officer Quarters
Grenadier Squad
Construct Luftwaffe Kompanie
Selects Machine Gun Camouflage
Support Elements
Jäger Squad
Marder III M Tank Destroyer
Medical Station
Wirbelwind Flakpanzer
Selects No Quarter
Construct Panzergrenadier Kompanie
Nebelwerfer 42 Rocket Launcher Team
Panzergrenadier Squad
Panzergrenadier Officer Quarters
Selects King Tiger Heavy Tank
King Tiger Heavy Tank
Selects Contempt for the Weak
Selects Propaganda Leaflet Drop
Selects V1 Rocket Strike
BeerGrills
WayTooTicklish
comm_ash
Like a G6
0
0
Comments
sign in to comment!
No comments posted yet!